Map: Practice Enviroment

Players

TheDestroyer - Winner!

  • Race: Terran Terran
  • League: Platinum
  • Spawn Location: 3:00

VOD

Have the link to the VOD?

Description

Time

  • Played on: Jan. 6, 2023, 3:15 p.m.
  • Length: 4:57
Show
View Real Time Build Order
Export as new Build Order

TheDestroyer Terran - Winner!

Build Orders:  

Get SALT Encoding   

  12  0:00  SCV  
  14  0:14  SCV  
  14  0:21  Supply Depot  
  14  0:47  Barracks  
  14  0:50  Barracks  
  14  0:57  Refinery  
  14  1:01  SCV  
  15  1:17  SCV  
  16  1:35  Barracks Tech Lab  
  16  1:42  Barracks Tech Lab  
  16  1:45  Orbital Command  
  16  1:55  Supply Depot  
  16  1:56  Marauder  
  18  2:02  Marauder  
  20  2:17  Concussive Shells  
  20  2:25  Barracks  
  20  2:30  Marauder  
  22  2:40  Marauder  
  26  2:58  Marauder  
  26  3:01  Marauder  
  28  3:12  Barracks Tech Lab  
  28  3:17  SCV, Refinery  
  29  3:25  Marauder  
  31  3:35  Supply Depot  
  31  3:52  Supply Depot  
  31  3:58  Marauder  
  31  4:00  Marauder  
  31  4:02  Marauder  
  37  4:07  SCV  
  38  4:21  Marauder  
  38  4:22  Marauder  
  38  4:23  Marauder  
  46  4:47  Supply Depot  
Tags
 
Add a new tag
Caveats
  • Supply blocks, unpowered buildings, or Contaminate may cause inaccurate times.
  • Supply counts are checked every 10 seconds.